 Dungeon Crawl Stone Soup version 0.26-a0-1129-gc5df7fbe6a (webtiles) character file.

Game seed: 10997513826015763971

38 Dracia the Sneak (level 3, 0/16 HPs)
             Began as a Vine Stalker Enchanter on Dec 18, 2020.
             Slain by an orc warrior
             ... wielding a +0 halberd
              (14 damage)
             ... on level 2 of the Dungeon.
             The game lasted 00:01:53 (1510 turns).

Dracia the Sneak (Vine Stalker Enchanter)           Turns: 1510, Time: 00:01:53

Health: 0/16       AC:  6    Str: 10    XL:     3   Next: 43%
Magic:  0/7        EV: 11    Int: 15    God:
Gold:   96         SH:  0    Dex: 15    Spells: 3/6 levels left

rFire    . . .     SeeInvis .   a - +1 dagger
rCold    . . .     Faith    .   (no shield)
rNeg     . . .     Spirit   +   j - +3 leather armour
rPois    .         Reflect  .   (no helmet)
rElec    .         Harm     .   (no cloak)
rCorr    .         Rampage  .   (no gloves)
Will     .....                  (no boots)
Stlth    ++........             (no amulet)
HPRegen  0.05/turn              (no ring)
MPRegen  0.10/turn              (no ring)

@: no status effects
A: fangs 2, magic shield, antimagic bite, no potion heal 3
a: no special abilities


You were on level 2 of the Dungeon.
You visited 1 branch of the dungeon, and saw 2 of its levels.

You collected 96 gold pieces.


Innate Abilities, Weirdness & Mutations

You have extremely sharp teeth.
When hurt, damage is shared between your health and your magic reserves.
Your bite disrupts and absorbs the magic of your enemies.
Potions cannot restore your health.


   Skills:
 * Level 2.1 Short Blades
 - Level 1.5 Dodging
 + Level 4.1 Stealth
 - Level 2.1 Spellcasting
 + Level 3.3 Hexes


You had 3 spell levels left.
You knew the following spells:

 Your Spells              Type           Power        Failure   Level
x - Ensorcelled Hibernat  Hex/Ice        12%          22%         2
z - Corona                Hex            12%          8%          1

Your spell library contained the following spells:

 Spells                   Type           Power        Failure   Level
 Confusing Touch          Hex            11%          22%         3
 Tukima's Dance           Hex            11%          22%         3
 Dazzling Flash           Conj/Hex       12%          41%         3

Inventory:

Hand Weapons
 a - a +1 dagger (weapon)
Missiles
 l - 11 poisoned darts
Armour
 b - a +0 robe
 j - a +3 leather armour (worn)
 k - a +0 leather armour
Magical Staves
 n - an uncursed staff of poison {!a!a, unknown}
Jewellery
 c - an uncursed amulet of inaccuracy
 P - an uncursed ring of poison resistance
Scrolls
 e - 4 scrolls of remove curse {@r2@r2}
 f - 4 scrolls of identify {unknown}
 g - a scroll of fear {unknown}
 i - 3 scrolls of enchant weapon {unknown}
 m - a scroll of enchant armour {unknown}
 o - a scroll of teleportation {unknown}
 p - 3 scrolls of random uselessness {unknown}
Potions
 d - 2 potions of invisibility {unknown}
 h - a potion of curing {unknown}

Dungeon Overview and Level Annotations

Branches:
Dungeon (2/15)

Altars:
Nemelex Xobeh

############ ###
#.......##.. ..#
#.......##.# #.#
#.......##.####.#
#.......##.##.#.#
######.......##.##.#.#
###....#.......##.##...'
......o#####...##.##.#.#
......o@(†.'...'........
.....o######...##.##.#.#
###.. #...##.##.#.. #.
#...#........ ..
.............. ..
#######..##.#.. .
###.....#.. #..... ##..
#..... #.#


You could see an orc warrior and 2 orcs.


Message History

You now have 96 gold pieces (gained 7).
You open the door.
A bat comes into view.
A bat is nearby!
A bat is nearby!
A bat is nearby!
An orc warrior comes into view. It is wielding a +0 halberd.
There is an open door here.
There are monsters nearby!
An orc comes into view. It is wielding a +0 club.
The helpless bat fails to defend itself.
You impale the bat!!
You kill the bat!
You see here a bat corpse.
The orc shouts!
The orc warrior shouts!
You hear a shout!
An orc comes into view. It is wielding a +0 dagger.
The orc warrior throws a stone.
The stone hits you.
You see here a stone.
You closely miss the orc. You bite the orc, but do no damage.
The orc hits you but does no damage.
You hit the orc but do no damage. You bite the orc, but do no damage.
The orc barely misses you.
The orc warrior hits you from afar with a +0 halberd.
You hit the orc but do no damage. The orc hits you but does no damage.
You closely miss the orc. The orc warrior barely misses you.
Unknown command.
You barely miss the orc. The orc completely misses you.
The orc warrior hits you from afar with a +0 halberd!!
Ouch! That really hurt!
You die...

Skill      XL: |  1  2 |
---------------+-------+-----
Short Blades   | 1 2 |  2.1
Stealth        | 4 |  4.1
Dodging        | |  1.5
Spellcasting   | |  2.1
Hexes          | |  3.3

Action                   || total
-------------------------++-------
Melee: Dagger            ||    75
       Bite              ||    18
  Use: Scroll            ||     3
 Stab: Sleeping          ||     4
Armor: Robe              ||    10
       Leather armour    ||     8
Dodge: Dodged            ||    51

Levels and vault maps discovered:
D:1:      dpeg_arrival_stone_temple_mockup, layout_rooms, minmay_tromino_v4_c
D:2:      layout_basic, marbit_many_paths

Notes
Turn   | Place    | Note
-------+----------+-------------------------------------------
     0 | D:1      | Dracia the Vine Stalker Enchanter began the quest for the
                  | Orb.
     0 | D:1      | Reached XP level 1. HP: 9/9 MP: 4/4
    57 | D:1      | Reached skill level 1 in Short Blades
   342 | D:1      | Reached XP level 2. HP: 1/13 MP: 1/6
   353 | D:1      | HP: 1/13 [hobgoblin (1)]
   902 | D:1      | Reached skill level 4 in Stealth
   908 | D:1      | Learned a level 2 spell: Ensorcelled Hibernation
  1119 | D:2      | Reached skill level 2 in Short Blades
  1119 | D:2      | Reached XP level 3. HP: 16/16 MP: 7/7
  1228 | D:2      | Found a sparkling altar of Nemelex Xobeh.
  1500 | D:2      | Noticed an orc warrior
  1510 | D:2      | Slain by an orc warrior

Vanquished Creatures
  An adder (D:2)
  A worm (D:2)
  2 dart slugs (D:1)
  3 goblins (D:1)
  3 hobgoblins
  2 kobolds
  A quokka (D:2)
  4 bats
  3 frilled lizards
  3 rats (D:1)
23 creatures vanquished.

Table legend: (Time is in decaauts)
 A = Elapsed time spent in this place.
 B = Non-inter-level travel time spent in this place.
 C = Inter-level travel time spent in this place.
 D = Time resting spent in this place.
 E = Time spent auto-exploring this place.
 F = Levels seen in this place.
 G = Mean time per level.
                   A        B        C        D        E       F      G
               +--------+--------+--------+--------+--------+-----+--------+
         Total |   1502 |   1489 |     13 |    378 |    868 |   2 |  751.0 |
       Dungeon |   1502 |   1489 |     13 |    378 |    868 |   2 |  751.0 |
               +--------+--------+--------+--------+--------+-----+--------+

Top non-repeatable levels by time:
     D:1: 1109 daAuts
     D:2: 393 daAuts

Table legend:
 A = Non-vault XP
 B = Vault XP
 C = Vault XP percentage of total XP
 D = Non-vault monster count
 E = Vault monster count
 F = Vault count percentage of total count
                 A         B        C        D         E       F
            +---------+---------+-------+---------+---------+-------
      Total |      49 |       6 |  10.9 |      20 |       3 |  13.0
            +---------+---------+-------+---------+---------+-------
        D:1 |      23 |       4 |  14.8 |      13 |       2 |  13.3
        D:2 |      26 |       2 |   7.1 |       7 |       1 |  12.5
            +---------+---------+-------+---------+---------+-------
